 Dungeon Crawl Stone Soup version 0.29.1-12-g30fa7ad0bf (webtiles) character file.

Game seed: 15323904445793604878

78 H0rd4k the Charlatan (level 4, 0/30 HPs)
             Began as an Octopode Artificer on Dec 19, 2022.
             Slain by an orc
             ... wielding a +0 hand axe
              (3 damage)
             ... on level 3 of the Dungeon.
             The game lasted 00:01:48 (2738 turns).

H0rd4k the Charlatan (Octopode Artificer)           Turns: 2738, Time: 00:01:49

Health: 0/30       AC:  1    Str: 11    XL:     4   Next: 36%
Magic:  6/6        EV: 13    Int: 15    God:
Gold:   99         SH:  0    Dex: 12    Spells: 6/6 levels left

rFire   . . .      SeeInvis .     - Unarmed
rCold   . . .      Faith    .   (no shield)
rNeg    . . .      Spirit   .   (helmet restricted)
rPois   .          Reflect  .   (no amulet)
rElec   .          Harm     .   i - +4 ring of slaying
rCorr   .          Rampage  .   (no ring)
Will    .....                   (no ring)
Stlth   +++.......              (no ring)
HPRegen 0.10/turn               (no ring)
MPRegen 0.10/turn               (no ring)
                                (no ring)
                                (no ring)

@: no status effects
A: almost no armour, amphibious, 8 rings, camouflage 1, gelatinous body 1,
(nimble swimmer 1), tentacles
a: no special abilities


You were on level 3 of the Dungeon.
You visited 1 branch of the dungeon, and saw 3 of its levels.

You collected 99 gold pieces.

Inventory:

Jewellery
 i - a +4 ring of slaying (left tentacle)
Wands
 b - a wand of flame (36) (quivered)
 c - a wand of charming (13)
 d - a wand of iceblast (5)
Scrolls
 a - 2 scrolls of amnesia {unknown}
 f - a scroll of enchant armour {unknown}
 g - a scroll of immolation {unknown}
 h - 3 scrolls of torment {unknown}
 j - 4 scrolls of identify {unknown}
 l - a scroll of butterflies {unknown}
Potions
 e - a potion of heal wounds {unknown}
 k - a potion of haste {unknown}


   Skills:
 * Level 2.3 Fighting
 - Level 2.3 Dodging
 - Level 1.3 Stealth
 + Level 2.0 Unarmed Combat
 * Level 1.9 Spellcasting
 - Level 3.2 Evocations


You had 6 spell levels left.
You didn't know any spells.
Your spell library contained the following spells:

 Spells                   Type           Power      Damage    Failure   Level
 Magic Dart               Conj           4%         1d3       22%         1
 Call Imp                 Summ           1%         N/A       34%         2
 Mephitic Cloud           Conj/Pois/Air  1%         N/A       56%         3


Dungeon Overview and Level Annotations

Branches:
Dungeon (3/15)

Altars:

Shops:
D:1 *   D:3 *

Annotations:
D:3 1 transporter, Henri's ghost, weakling TeEn


Innate Abilities, Weirdness & Mutations

You cannot wear most types of armour.
You are amphibious.
You can wear up to eight rings at the same time.
Your skin changes colour to match your surroundings (Stealth+).
Your rubbery body absorbs attacks. (AC +1, EV +1)
((You are camouflaged when in or above water. (Stealth+)))
You have tentacles for arms and can constrict up to eight enemies at once.


Message History

Key pressed, stopping explore.
No target in view!
HP restored.
An orc comes into view. It is wielding a +0 war axe.
An orc is nearby!
An orc priest comes into view. It is wielding a +0 mace.
The orc priest looks braver for a moment.
There are monsters nearby! 2 orcs come into view.
Found a stone staircase leading down.
The orc shouts! x2
The orc priest begins to cast a cantrip, but forgets the words!
An orc comes into view. It is wielding a +0 hand axe.
The orc shouts!
There are monsters nearby!
The orc closely misses you.
You tentacle-slap the orc. You grab the orc.
The orc is almost dead.
You constrict the orc.
You kill the orc!
Your Unarmed Combat skill increases to level 2!
You tentacle-slap the orc priest. Your grab misses the orc priest.
The orc priest is lightly wounded.
The orc hits you with a +4 dagger.
Aiming: Charm
Press: ? - help, Shift-Dir - straight line, f - orc priest
Aim: an orc priest, wielding a +0 mace (lightly wounded, chance to affect: 57%)
The orc priest resists with significant effort.
The orc priest hits you with a +0 mace. The orc closely misses you.
The orc barely misses you. The orc hits you with a +0 hand axe.
Unknown command.
Aiming: Charm
Press: ? - help, Shift-Dir - straight line, f/p - orc priest
Aim: an orc priest, wielding a +0 mace (lightly wounded, chance to affect: 57%)
The orc priest resists with significant effort.
The orc hits you with a +0 flail. The orc priest hits you with a +0 mace.
The orc hits you with a +4 dagger!
* * * LOW HITPOINT WARNING * * *
The orc hits you with a +0 hand axe.
You die...

#...######
#####...#.....
#.........>...
#.............
#.............
#.............
#....ooo...###
#....o@.......
#...........##
#...........#
#...........#
#.............
#.............
########.........
##...........###.#
##............# .#


You could see an orc priest and 3 orcs.

Vanquished Creatures
  3 adders (D:2)
  A worm (D:2)
  5 dart slugs
  An orc (D:3)
  A ball python (D:1)
  4 endoplasms
  2 giant cockroaches (D:2)
  6 goblins
  2 hobgoblins (D:2)
  3 quokkas
  3 bats
  2 frilled lizards (D:2)
  2 kobolds (D:2)
  3 rats (D:2)
38 creatures vanquished.

Notes
Turn   | Place    | Note
-------+----------+-------------------------------------------
     0 | D:1      | H0rd4k the Octopode Artificer began the quest for the Orb.
     0 | D:1      | Reached XP level 1. HP: 13/13 MP: 1/1
   159 | D:1      | Reached XP level 2. HP: 15/18 MP: 3/3
   252 | D:1      | Reached skill level 1 in Spellcasting
   279 | D:1      | Found Odompant's General Store.
   922 | D:1      | Found a faded altar of an unknown god.
  1617 | D:2      | Reached XP level 3. HP: 18/24 MP: 4/4
  1628 | D:2      | Reached skill level 1 in Unarmed Combat
  2128 | D:2      | Reached XP level 4. HP: 27/29 MP: 6/6
  2627 | D:3      | Found Jele Xah's Assorted Antiques.
  2657 | D:3      | Found a transporter.
  2657 | D:3      | Noticed Henri's ghost (weakling TeEn)
  2738 | D:3      | Slain by an orc

Illustrated notes

Levels and vault maps discovered:
D:1:      lemuel_arrival_funnel, layout_basic,
          dreamdust_ecumenical_altar_hidden_monk_grotto, serial_shops, shop
D:2:      layout_loops_ring
D:3:      layout_basic, nzn_wu_jian_council_hall, cheibrodos_ashenzari_chains,
          gammafunk_ghost_arena, serial_shops, shop, minmay_shallow_snake_nest

Skill      XL: |  1  2  3  4 |
---------------+-------------+-----
Spellcasting   | 1 |  1.9
Fighting       | 2 |  2.3
Unarmed Combat | 1 2 |  2.0
Dodging        | |  2.3
Stealth        | |  1.3
Evocations     | |  3.2

Action                   |  1- 3 |  4- 6 || total
-------------------------+-------+-------++-------
Melee: Unarmed           |    82 |    16 ||    98
       Constrict         |    22 |     4 ||    26
       Tentacles         |    15 |     3 ||    18
       Punch             |     2 |       ||     2
Evoke: Wand              |       |     2 ||     2
 Stab: Sleeping          |    12 |     3 ||    15
Armor: Skin              |     4 |       ||     4
Dodge: Dodged            |    37 |     8 ||    45
